 Dungeon Crawl Stone Soup version 0.28.0-45-g0d030f2227 (webtiles) character file.

Game seed: 2148811150233224740

13 Hrothgar the Ducker (level 2, -25/29 HPs)
             Began as a Troll Fighter on Apr 11, 2022.
             Killed by an exploding jackal (28 damage)
             ... ignited by their inner flame
             ... on level 1 of the Dungeon.
             The game lasted 00:01:23 (223 turns).

Hrothgar the Ducker (Troll Fighter)                  Turns: 223, Time: 00:01:24

Health: -25/29     AC:  4    Str: 23    XL:     2   Next: 24%
Magic:  1/1        EV:  8    Int:  4    God:
Gold:   0          SH:  7    Dex:  9    Spells: 1/1 levels left

rFire   . . .      SeeInvis .     - Unarmed
rCold   . . .      Faith    .   b - +0 kite shield
rNeg    . . .      Spirit   .   a - +0 robe
rPois   .          Reflect  .   (helmet restricted)
rElec   .          Harm     .   (no cloak)
rCorr   .          Rampage  .   (gloves unavailable)
Will    .....                   (boots unavailable)
Stlth   +.........              (no amulet)
HPRegen 0.89/turn               (no ring)
MPRegen 0.07/turn               (no ring)

@: no status effects
A: large, unfitting armour, claws 3, regeneration 1, shaggy fur 1, tough skin 1
a: no special abilities


You were on level 1 of the Dungeon.
You visited 1 branch of the dungeon, and saw 1 of its levels.

Inventory:

Armour
 a - a +0 robe (worn)
 b - a +0 kite shield (worn)
Potions
 c - a potion of might
 d - a potion of attraction {unknown}


   Skills:
 * Level 2.5 Fighting
 * Level 2.6 Dodging
 * Level 0.1 Stealth
 * Level 2.6 Shields
 * Level 2.1 Unarmed Combat


You had one spell level left.
You didn't know any spells.
Your spell library was empty.

Dungeon Overview and Level Annotations

Branches:
Dungeon (1/15)

Altars:


Innate Abilities, Weirdness & Mutations

You are too large for most types of armour.
You have claws for hands.
Your natural rate of healing is unusually fast.
You are covered in fur. (AC +1)
You have tough skin. (AC +1)


Message History

The jackal barely misses you.
You closely miss the jackal.
The jackal bites you but does no damage.
You scratch the jackal but do no damage.
The jackal bites you but does no damage.
The jackal barely misses you.
You scratch the jackal.
The jackal is severely wounded.
The jackal bites you but does no damage.
You claw the jackal!
You kill the jackal!
The jackal bites you.
You claw the jackal!
You kill the jackal!
You see here a jackal corpse. 2 jackals come into view.
Found a scroll labelled XULAN POLYDU.
The jackal barks! x2; You hear a bark!
A jackal comes into view.
A jackal comes into view.
You see here a scroll labelled XULAN POLYDU.
e - a scroll labelled XULAN POLYDU
Okay, then.
As you read the scroll labelled XULAN POLYDU, it crumbles to dust.
The creatures around you are filled with an inner flame!
It was a scroll of immolation.
The jackal barks!
The jackal bites you but does no damage.
The jackal bites you but does no damage.
You claw the jackal!
The jackal explodes!
The fiery explosion engulfs the jackal!!!
The fiery explosion engulfs you!!
Ouch! That really hurt!
* * * LOW HITPOINT WARNING * * *
The fiery explosion engulfs the jackal!!
The jackal explodes!
The fiery explosion engulfs you!!
Ouch! That really hurt!
You die...

.h #.##.# .# #h #.##.#
##.## #.##.##.# .....
#..#.##.# .....
#..#.##.###.... ##
#.#.......#
.######.......§§# #
..............§§##.#
.#######.....h§§@..#
........#.##.#######
#..........#.# .....
####.......#.# #.#.# ##
##....#.#.# #..#.. .##
##...#...#### .#.#.#
..## #...#......##.#.#.#
...# #...#......#.##.#.#
≈..####..#..>..##.##.#.#
##


You could see a jackal (inner flame).

Vanquished Creatures
  A ball python (D:1)
  An endoplasm (D:1)
  2 goblins (D:1)
  7 jackals (D:1)
  A quokka (D:1)
  A frilled lizard (D:1)
13 creatures vanquished.

Notes
Turn   | Place    | Note
-------+----------+-------------------------------------------
     0 | D:1      | Hrothgar the Troll Fighter began the quest for the Orb.
     0 | D:1      | Reached XP level 1. HP: 22/22 MP: 0/0
   168 | D:1      | Reached XP level 2. HP: 26/29 MP: 1/1
   223 | D:1      | Killed by an exploding jackal... ignited by their inner
                  | flame

Illustrated notes

Levels and vault maps discovered:
D:1:      dpeg_arrival_concentric_ovals, layout_basic, interstate_on_off,
          minmay_surrounded

Action                   || total
-------------------------++-------
Melee: Unarmed           ||    34
  Use: Scroll            ||     1
Armor: Robe              ||    14
Dodge: Dodged            ||     6
Block: Kite shield       ||    12
